 Dungeon Crawl Stone Soup version 0.25-a0-353-ged6d54792d (webtiles) character file.

Game seed: 3828019863825958478, levelgen mode: deterministic

39 Conn the Firebug (level 3, -2/21 HPs)
             Began as an Octopode Fire Elementalist on Jan 2, 2020.
             Was an Initiate of Sif Muna.
             Splashed by Ijyb's acid (10 damage)
             ... on level 3 of the Dungeon.
             The game lasted 00:04:27 (1067 turns).

Conn the Firebug (Octopode Fire Elementalist)       Turns: 1067, Time: 00:04:29

Health: -2/21      AC:  6    Str:  6 (8)  XL:     3   Next: 47%
Magic:  6/6        EV: 13    Int: 15 (17) God:    Sif Muna [......]
Gold:   106        SH:  0    Dex:  7 (8)  Spells: 5/6 levels left

rFire    . . .     SeeInvis .   f - +2 mace (protect)
rCold    . . .     Gourm    .   (no shield)
rNeg     . . .     Faith    .   (helmet restricted)
rPois    .         Spirit   .   (no amulet)
rElec    .         Reflect  .   j - -4 ring of dexterity
rCorr    .         Harm     .   i - +2 ring of protection
MR       .....                  (no ring)
Stlth    +++.......             (no ring)
HPRegen  0.07/turn              (no ring)
MPRegen  0.10/turn              (no ring)
                                (no ring)
                                (no ring)

@: corroded, protection aura
A: almost no armour, stealthy swim, amphibious, 8 rings, constrict 8, camouflage
1, gelatinous body 1
a: Renounce Religion


You were on level 3 of the Dungeon.
You worshipped Sif Muna.
Sif Muna was noncommittal.
You were not hungry.

You visited 1 branch of the dungeon, and saw 3 of its levels.

You collected 106 gold pieces.

Inventory:

Hand Weapons
 c - a +0 short sword
 f - a +2 mace of protection (weapon)
Jewellery
 i - a +2 ring of protection (right tentacle)
 j - a -4 ring of dexterity (left tentacle)
Scrolls
 a - 3 scrolls of identify
Potions
 e - a potion of degeneration
 g - a potion of mutation
Comestibles
 b - 2 rations
 d - a chunk of flesh


   Skills:
 * Level 0.2 Fighting
 + Level 0.3 Short Blades
 + Level 2.0 Dodging
 + Level 3.1 Stealth
 + Level 2.1 Spellcasting
 + Level 1.0 Conjurations
 + Level 4.0 Fire Magic


You had 5 spell levels left.
You knew the following spells:

 Your Spells              Type           Power        Failure   Level  Hunger
a - Foxfire               Conj/Fire      #...         8%          1    #......

Your spell library contained the following spells:

 Spells                   Type           Power        Failure   Level  Hunger
 Conjure Flame            Conj/Fire      #.......     24%         3    ###....
 Inner Flame              Hex/Fire       #.......     28%         3    ###....
 Sticky Flame             Conj/Fire      #.......     61%         4    #####..
 Fireball                 Conj/Fire      #.........   91%         5    ######.


Dungeon Overview and Level Annotations

Branches:
Dungeon (2/15)

Altars:
Fedhas
Kikubaaqudgha
Makhleb
Sif Muna
Trog
Vehumet
Wu Jian
The Shining One

Annotations:
D:3 Ijyb


Innate Abilities, Weirdness & Mutations

You cannot wear most types of armour.
You are very stealthy in the water. (Stealth+)
You are amphibious.
You can wear up to eight rings at the same time.
You can use your tentacles to constrict eight enemies at once.
Your skin changes colour to match your surroundings (Stealth+).
Your rubbery body absorbs attacks. (AC +1, EV +1)


Message History

Ijyb hits you but does no damage. The hobgoblin misses you.
You miss Ijyb.
The gnoll hits you from afar with a +0 spear.
Ijyb closely misses you. The hobgoblin hits you with a +0 club.
The gnoll misses you.
You miss Ijyb.
You feel less invigorated.
You feel less confused. Ijyb closely misses you. The gnoll misses you.
The hobgoblin completely misses you.
Unknown command.
Unknown command.
Your +2 mace of protection hums with potential!
f - a +2 mace of protection (weapon)
You hit Ijyb.
Your weapon exudes an aura of protection.
Your grab misses Ijyb.
Ijyb is lightly wounded.
Ijyb zaps a wand.
The bolt of acid hits you! The acid corrodes you!
You are splashed with acid!
You die...

***+*######'##.....# #...........
,,,,...........#...######.#..#.##
,,,,...........#........#.#..#.##
,,,,........g...........#.#.....#
***'#######+##..........#.##.#..#
**,,,** **,,,##.........#.##.#..#
*,,,,,***,,,,,##g.......#........
,,,,,,,*,,,,,,,#gg.############.#
,,,,,,,*,,,,,,,#@..# ##...
,,,,,,,*,,,,,,,##### #.###
*,,,,,***,,,,,** #.# # **,,,**
**,,,***** #.### ****** *****,,,*
##... * *************,*
#########.# * *,,,,,,,,*
*,*****#.........# ****,******,*
*,,,,,,..######### ,,,,,* *,*
**********


You could see Ijyb, a gnoll and a hobgoblin.

Vanquished Creatures
  An adder (D:2)
  An ooze (D:2)
  A leopard gecko (D:1)
  2 giant cockroaches
  5 goblins
  5 hobgoblins
  2 bats
  3 frilled lizards (D:1)
  2 kobolds (D:1)
  2 rats (D:1)
24 creatures vanquished.

Vanquished Creatures (others)
  50 foxfires
50 creatures vanquished.

Grand Total: 74 creatures vanquished

Notes
Turn   | Place    | Note
-------+----------+-------------------------------------------
     0 | D:1      | Conn the Octopode Fire Elementalist began the quest for the
                  | Orb.
     0 | D:1      | Reached XP level 1. HP: 11/11 MP: 3/3
   243 | D:1      | Reached XP level 2. HP: 14/17 MP: 3/5
   690 | D:2      | Reached XP level 3. HP: 3/21 MP: 2/6
   924 | D:2      | Reached skill level 4 in Fire Magic
   931 | D:2      | Found a blossoming altar of Fedhas.
   934 | D:2      | Found a radiant altar of Vehumet.
   934 | D:2      | Found a shimmering blue altar of Sif Muna.
   938 | D:2      | Found an ornate altar of the Wu Jian Council.
   938 | D:2      | Found an ancient bone altar of Kikubaaqudgha.
   941 | D:2      | Found a burning altar of Makhleb.
   941 | D:2      | Found a bloodstained altar of Trog.
   942 | D:2      | Found a glowing golden altar of the Shining One.
   947 | D:2      | Became a worshipper of Sif Muna the Loreminder
   977 | D:2      | You fall into a shaft and drop 1 floor!
  1042 | D:3      | Noticed Ijyb
  1067 | D:3      | Splashed by Ijyb's acid

Levels and vault maps discovered:
D:1:      dpeg_arrival_tiny_i, layout_rooms
D:2:      layout_basic, grunt_temple_overflow_open, grunt_qazlal_clouds
D:3:      kennysheep_six_static_rooms, layout_loops_cross, tgw_trog, uniq_ijyb,
          uniq_terence, uniq_natasha

Skill      XL: |  1  2  3 |
---------------+----------+-----
Stealth        | 3 |  3.1
Fire Magic     | 4 |  4.0
Fighting       | |  0.2
Short Blades   | |  0.3
Dodging        | |  2.0
Spellcasting   | |  2.1
Conjurations   | |  1.0

Action                   || total
-------------------------++-------
Melee: Short sword       ||    30
       Constrict         ||     5
       Tentacles         ||     4
       Mace              ||     1
 Cast: Foxfire           ||    27
  Use: Scroll            ||     4
       Potion            ||     4
 Stab: Sleeping          ||     1
  Eat: Chunk             ||     1
Armor: Skin              ||     3
Dodge: Dodged            ||    48

Table legend:
 A = Non-vault XP
 B = Vault XP
 C = Vault XP percentage of total XP
 D = Non-vault monster count
 E = Vault monster count
 F = Vault count percentage of total count
                 A         B        C        D         E       F
            +---------+---------+-------+---------+---------+-------
      Total |      57 |       0 |   0.0 |      24 |       0 |   0.0
            +---------+---------+-------+---------+---------+-------
        D:1 |      25 |       0 |   0.0 |      16 |       0 |   0.0
        D:2 |      32 |       0 |   0.0 |       8 |       0 |   0.0
            +---------+---------+-------+---------+---------+-------
